 Dungeon Crawl Stone Soup version 0.27.1-34-g3ba077fa99 (webtiles) character file.

Game seed: 15225757078296101460

25 KamiKatze the Shield-Bearer (level 3, 0/23 HPs)
             Began as a Gargoyle Fighter on Jan 11, 2022.
             Killed from afar by a white imp (7 damage)
             ... with a puff of frost
             ... summoned by Natasha
             ... on level 2 of the Dungeon.
             The game lasted 00:03:59 (800 turns).

KamiKatze the Shield-Bearer (Gargoyle Fighter)       Turns: 800, Time: 00:03:59

Health: 0/23       AC: 10    Str: 20    XL:     3   Next: 6%
Magic:  3/3        EV: 12    Int:  8    God:
Gold:   48         SH:  9    Dex:  9    Spells: 2/2 levels left

rFire    . . .     SeeInvis .   a - +0 war axe
rCold    . . .     Faith    .   c - +0 kite shield
rNeg     + . .     Spirit   .   m - +2 ring mail {Will+}
rPois    ∞         Reflect  .   (no helmet)
rElec    +         Harm     .   (no cloak)
rCorr    .         Rampage  .   (no gloves)
Will     +....                  (no boots)
Stlth    ..........             (no amulet)
HPRegen  0.07/turn              h - +4 ring of evasion
MPRegen  0.08/turn              (no ring)

@: no status effects
A: sickness immunity, AC +3, negative energy resistance 1, electricity
resistance, torment resistance 1, petrification resistance
a: no special abilities


You were on level 2 of the Dungeon.
You visited 1 branch of the dungeon, and saw 2 of its levels.

You collected 48 gold pieces.

Inventory:

Hand Weapons
 a - a +0 war axe (weapon)
Missiles
 f - 30 stones (quivered)
Armour
 b - a +0 scale mail
 c - a +0 kite shield (worn)
 g - a +0 ring mail
 m - a +2 ring mail of willpower (worn)
Jewellery
 h - a +4 ring of evasion (left hand)
Scrolls
 i - a scroll of holy word {unknown}
 j - a scroll of identify {unknown}
 k - a scroll of enchant armour {unknown}
 l - a scroll of fog {unknown}
Potions
 d - a potion of might
 e - a potion of haste {unknown}


   Skills:
 - Level 3.2 Fighting
 * Level 2.7 Axes
 - Level 3.2 Armour
 + Level 3.7 Shields


You had 2 spell levels left.
You didn't know any spells.
Your spell library was empty.

Dungeon Overview and Level Annotations

Branches:
Dungeon (2/15)

Altars:

Annotations:
D:2 Natasha


Innate Abilities, Weirdness & Mutations

You are immune to sickness and miasma.
Your stone body is resilient. (AC +3)
You are immune to poison.
You resist negative energy. (rN+)
You are resistant to electric shocks. (rElec)
You are resistant to unholy torment.
You are immune to petrification.


Message History

Welcome back, KamiKatze the Gargoyle Fighter.
Press ? for a list of commands and other information.
Natasha, Servant of Life and Death comes into view.
Natasha hisses angrily.
You start waiting.
Natasha is nearby!
You barely miss Natasha. Natasha barely misses you.
Natasha claws you but does no damage.
You closely miss Natasha.
Natasha mumbles some strange words.
You closely miss Natasha. Natasha misses you. You block Natasha's attack.
You hit Natasha but do no damage. The white imp gestures at you.
You block the puff of frost. Natasha claws you.
You closely miss Natasha. Natasha claws you. The white imp gestures at you.
The puff of frost misses you.
Natasha casts a spell.
You closely miss Natasha. You hit the white imp but do no damage.
The white imp gestures at you. The puff of frost misses you.
Natasha closely misses you. Natasha claws you!
* * * LOW HITPOINT WARNING * * *
You barely miss Natasha. You closely miss the crimson imp.
Natasha barely misses you. The crimson imp barely misses you.
You closely miss Natasha.
You hit the crimson imp but do no damage.
Natasha misses you.
The crimson imp blinks!
You block the white imp's attack. Natasha claws you.
* * * LOW HITPOINT WARNING * * *
Unknown command.
You barely miss Natasha. You closely miss the white imp.
The crimson imp blinks!
The white imp hits you but does no damage.
You block Natasha's attack.
Unknown command.
Your shield and ring mail prevent you from hitting Natasha.
You closely miss the white imp. Natasha closely misses you.
The white imp gestures at you. The puff of frost hits you!
You die...

.##.####.# ##...##
.#.......## #.5.#
##........# ##...##
##.######.###8...8#
.)........>###.§.##
##.######..###...#
##.# #...##...## ##.#
####...#8...8# ....
#......##..@#### ..##
#.##.#†...5.h......
.. ..
#................ ..
...............######
...............#
###...........#
.............#
###...........#
............##


You could see Natasha, a crimson imp (summoned) and a white imp (summoned).

Vanquished Creatures
  A dart slug (D:2)
  3 endoplasms
  2 goblins
  3 hobgoblins
  A kobold (D:2)
  2 quokkas
  4 ball pythons (D:1)
  2 bats
  A frilled lizard (D:1)
  3 rats (D:1)
22 creatures vanquished.

Notes
Turn   | Place    | Note
-------+----------+-------------------------------------------
     0 | D:1      | KamiKatze the Gargoyle Fighter began the quest for the Orb.
     0 | D:1      | Reached XP level 1. HP: 14/14 MP: 1/1
   143 | D:1      | Reached XP level 2. HP: 16/19 MP: 2/2
   404 | D:1      | Found a faded altar of an unknown god.
   712 | D:2      | Reached XP level 3. HP: 23/23 MP: 3/3
   786 | D:2      | Noticed Natasha
   800 | D:2      | Killed from afar by a white imp

Illustrated notes

Levels and vault maps discovered:
D:1:      dpeg_arrival_lava_altar, layout_basic, ebering_ecumenical_altar_webs,
          minmay_pentomino_t4
D:2:      layout_basic, serial_corexii_hall, corexii_hall_statues_deadend,
          corexii_hall_statues_i, chequers_hall_statues_corner_a,
          corexii_hall_statues_l, corexii_hall_statues_x,
          corexii_hall_statues_l, amcnicky_mini_rare_corridor_liquid,
          roderic_cross_of_infinity, uniq_natasha

Skill      XL: |  1 |
---------------+----+-----
Axes           | 2 |  2.7
Fighting       | |  3.2
Armour         | |  3.2
Shields        | |  3.7

Action                   || total
-------------------------++-------
Melee: War axe           ||    73
Armor: Scale mail        ||     8
       Ring mail         ||    11
Dodge: Dodged            ||    38
Block: Kite shield       ||    37
